 Dungeon Crawl Stone Soup version 0.28.0 (webtiles) character file.

Game seed: 3375367564234400494

45 Akaron the Ducker (level 3, -2/23 HPs)
             Began as an Octopode Wanderer on Feb 6, 2022.
             Slain by a worm (10 damage)
             ... on level 2 of the Dungeon.
             The game lasted 00:02:15 (1451 turns).

Akaron the Ducker (Octopode Wanderer)               Turns: 1451, Time: 00:02:16

Health: -2/23      AC:  3    Str:  8    XL:     3   Next: 64%
Magic:  4/4        EV: 15    Int: 14    God:
Gold:   40         SH:  0    Dex: 16    Spells: 3/4 levels left

rFire   . . .      SeeInvis .   a - +0 dagger
rCold   . . .      Faith    .   (no shield)
rNeg    . . .      Spirit   .   c - +2 hat
rPois   .          Reflect  .   (no amulet)
rElec   .          Harm     .   (no ring)
rCorr   .          Rampage  .   (no ring)
Will    .....                   (no ring)
Stlth   +++.......              (no ring)
HPRegen 0.07/turn               (no ring)
MPRegen 0.09/turn               (no ring)
                                (no ring)
                                (no ring)

@: no status effects
A: almost no armour, amphibious, 8 rings, camouflage 1, gelatinous body 1,
(nimble swimmer 1), tentacles
a: no special abilities


You were on level 2 of the Dungeon.
You visited 1 branch of the dungeon, and saw 2 of its levels.

You collected 40 gold pieces.

Inventory:

Hand Weapons
 a - a +0 dagger (weapon)
Armour
 c - a +2 hat (worn)
Scrolls
 e - a scroll of fear {unknown}
Potions
 d - a potion of curing {unknown}
 f - a potion of flight {unknown}
Miscellaneous
 b - a piece from Xom's chessboard (14/15)


   Skills:
 + Level 1.0 Fighting
 + Level 0.4 Short Blades
 + Level 4.9 Dodging
 + Level 1.5 Stealth
 + Level 1.0 Spellcasting
 + Level 1.0 Hexes
 + Level 1.0 Invocations
 + Level 2.2 Evocations


You had 3 spell levels left.
You knew the following spells:

 Your Spells              Type           Power      Damage    Failure   Level
a - Slow                  Hex            12%        N/A       17%         1

Your spell library contained the following spells:

 Spells                   Type           Power      Damage    Failure   Level
 Inner Flame              Hex/Fire       2%         N/A       54%         3


Dungeon Overview and Level Annotations

Branches:
Dungeon (2/15)

Altars:


Innate Abilities, Weirdness & Mutations

You cannot wear most types of armour.
You are amphibious.
You can wear up to eight rings at the same time.
Your skin changes colour to match your surroundings (Stealth+).
Your rubbery body absorbs attacks. (AC +1, EV +1)
((You are camouflaged when in or above water. (Stealth+)))
You have tentacles for arms and can constrict up to eight enemies at once.


Message History

A goblin comes into view. It is wielding a +0 dagger.
The adder misses you.
You see here a giant cockroach corpse.
The goblin shouts!
You hit the adder. You grab the adder. You squeeze the adder.
You kill the adder!
You feel sick. The ball python closely misses you.
The ball python constricts you. The ball python closely misses you.
The ball python constricts you.
You escape the ball python's grasp.
You feel sick.
You are no longer poisoned.
You see here an adder corpse.
You hit the hobgoblin but do no damage. You grab the hobgoblin.
You constrict the hobgoblin, but do no damage.
The hobgoblin barely misses you.
You hit the hobgoblin. Your squeeze misses the hobgoblin.
The hobgoblin is moderately wounded.
You constrict the hobgoblin. The ball python misses you.
The ball python grabs you. The ball python constricts you.
The hobgoblin barely misses you. The ball python bites you.
The ball python constricts you.
You hit the hobgoblin.
You kill the hobgoblin!
The ball python bites you. The ball python constricts you.
You hit the ball python. You grab the ball python. You squeeze the ball python.
You kill the ball python!
Found 20 bolts.
The worm is no longer paralysed.
You hit the goblin. You grab the goblin.
The goblin is moderately wounded.
You constrict the goblin. The goblin hits you with a +0 dagger.
You barely miss the goblin. You squeeze the goblin.
The goblin is severely wounded.
You constrict the goblin.
You kill the goblin!
You hit the worm. Your grab misses the worm. You squeeze the worm.
The worm is heavily wounded.
You hit the worm. Your grab misses the worm.
The worm is heavily wounded.
The worm bites you!
You die...

..'.>.......#...#####
###.........###.....#
#.........#######(#####
#.............###.....#
#..................#.###
######..................
...............###
..........<...<..
.......@††.......
(......w.#....#.##
.........##...#..
.......... ....#
...............#
...............#
.........##...##
.........# ...#


You could see a worm.

Vanquished Creatures
  An adder (D:2)
  A worm (D:2)
  3 ball pythons
  A bat (D:1)
  5 endoplasms
  A giant cockroach (D:2)
  4 goblins
  2 hobgoblins
  6 jackals
  2 frilled lizards
  A kobold (D:1)
  2 rats (D:1)
29 creatures vanquished.

Notes
Turn   | Place    | Note
-------+----------+-------------------------------------------
     0 | D:1      | Akaron the Octopode Wanderer began the quest for the Orb.
     0 | D:1      | Akaron set off with the following items: a +0 dagger, a
                  | piece from Xom's chessboard (15/15), a +2 hat; and the
                  | following spell memorised: Slow; and the following spells
                  | available to memorise: Inner Flame
     0 | D:1      | Reached XP level 1. HP: 13/13 MP: 2/2
   296 | D:1      | Found a faded altar of an unknown god.
   317 | D:1      | Reached XP level 2. HP: 14/18 MP: 3/3
  1061 | D:2      | Reached skill level 1 in Stealth
  1061 | D:2      | Reached XP level 3. HP: 9/23 MP: 4/4
  1451 | D:2      | Slain by a worm

Illustrated notes

Levels and vault maps discovered:
D:1:      minmay_arrival_semitransparent, layout_loops_ring,
          ebering_ecumenical_altar_webs
D:2:      layout_basic, chequers_serial_rivers_large_b

Skill      XL: |  1  2 |
---------------+-------+-----
Stealth        | 1 |  1.5
Fighting       | |  1.0
Short Blades   | |  0.4
Dodging        | |  4.9
Spellcasting   | |  1.0
Hexes          | |  1.0
Invocations    | |  1.0
Evocations     | |  2.2

Action                   || total
-------------------------++-------
Melee: Dagger            ||    74
       Tentacles         ||    20
       Constrict         ||    19
       Punch             ||     1
Evoke: Piece from Xom's  ||     1
 Stab: Sleeping          ||     5
Armor: Skin              ||    18
Dodge: Dodged            ||    62
